 Dungeon Crawl Stone Soup version 0.23.2-1-ga50397a (webtiles) character file.

Game seed: 2156446251350608270

21 night the Firebug (level 2, 0/15 HPs)
             Began as a Gargoyle Fire Elementalist on May 5, 2019.
             Slain by a centaur skeleton (1 damage)
             ... on level 2 of the Dungeon.
             The game lasted 00:04:17 (1544 turns).

night the Firebug (Gargoyle Fire Elementalist)      Turns: 1544, Time: 00:04:17

Health: 0/15       AC:  7    Str: 11    XL:     2   Next: 87%
Magic:  2/5        EV: 12    Int: 15    God:
Gold:   20         SH:  0    Dex: 10    Spells: 2/5 levels left

rFire    . . .     SeeInvis .   k - +0 short sword (drain)
rCold    . . .     Gourm    .   (no shield)
rNeg     + . .     Faith    .   a - +0 robe
rPois    ∞         Spirit   .   f - +1 hat
rElec    +         Reflect  .   (no cloak)
rCorr    .         Harm     .   o - +1 pair of gloves
MR       .....                  (no boots)
Stlth    ++........             (no amulet)
HPRegen  0.05/turn              (no ring)
MPRegen  0.09/turn              (no ring)

@: very slightly contaminated
A: negative energy resistance 1, electricity resistance, unbreathing,
petrification resistance, rot immunity, AC +2
a: no special abilities


You were on level 2 of the Dungeon.
You were not hungry.

You visited 1 branch of the dungeon, and saw 2 of its levels.

You collected 20 gold pieces.

Inventory:

Hand Weapons
 i - a +0 short sword of freezing
 k - a +0 short sword of draining (weapon)
Missiles
 j - 21 arrows
 m - 37 bolts
 n - 21 stones (quivered)
Armour
 a - a +0 robe (worn)
 b - a +0 pair of gloves
 f - a +1 hat (worn)
 o - a +1 pair of gloves (worn)
Scrolls
 e - 5 scrolls of identify {unknown}
 g - a scroll of fog {unknown}
 h - a scroll of enchant weapon {unknown}
Potions
 d - a potion of curing {unknown}
 l - 3 potions of heal wounds {unknown}
Comestibles
 c - a ration


   Skills:
 + Level 0.1 Short Blades
 - Level 1.5 Dodging
 - Level 2.1 Stealth
 + Level 2.3 Spellcasting
 + Level 1.8 Conjurations
 + Level 3.3 Fire Magic


You had 2 spell levels left.
You knew the following spells:

 Your Spells              Type           Power        Failure   Level  Hunger
a - Flame Tongue          Conj/Fire      #....        8%          1    #......
b - Throw Flame           Conj/Fire      #.....       11%         2    ###....

Your spell library contained the following spells:

 Spells                   Type           Power        Failure   Level  Hunger
 Conjure Flame            Conj/Fire      #.......     22%         3    ###....
 Inner Flame              Hex/Fire       #.......     32%         3    ###....
 Sticky Flame             Conj/Fire      #.......     58%         4    #####..
 Fireball                 Conj/Fire      #.........   90%         5    ######.


Dungeon Overview and Level Annotations

Branches:
Dungeon (2/15)

Altars:


Innate Abilities, Weirdness & Mutations

You are resistant to torment.
Your stone body is resilient. (AC +2)
You are immune to poison.
You resist negative energy. (rN+)
You are resistant to electric shocks. (rElec)
You can survive without breathing.
You are immune to petrification.
You are immune to rotting.


Message History

* * * LOW HITPOINT WARNING * * *
Casting: Flame Tongue (safe; 8% risk of failure)
Confirm with . or Enter, or press ? or * to list all spells.
Aiming: Flame Tongue (safe; 8% risk of failure)
Press: ? - help, Shift-Dir - straight line, f/p - centaur skeleton
Aim: a centaur skeleton (moderately damaged)
The flame tongue hits the centaur skeleton.
The centaur skeleton is moderately damaged.
The centaur skeleton hits you.
* * * LOW HITPOINT WARNING * * *
The centaur skeleton completely misses you.
Casting: Flame Tongue (safe; 8% risk of failure)
Confirm with . or Enter, or press ? or * to list all spells.
Aiming: Flame Tongue (safe; 8% risk of failure)
Press: ? - help, Shift-Dir - straight line, f/p - centaur skeleton
Aim: a centaur skeleton (moderately damaged)
The flame tongue hits the centaur skeleton!
The centaur skeleton is severely damaged.
The centaur skeleton hits you.
You die...

#.# ##.......
##.########........
#..........).......
#......##..##..####
#......#8..##.##
#..######...#.#
#..# #...#.# #..##
##.....#
##.@.##.#8..##.#
##..Z....##..##..
#......>.#
#........#
#........#
##.......#
#....##$# #..#.# ##
... ..


You could see a centaur skeleton.

Vanquished Creatures
  A bat (D:1)
  A giant cockroach (D:1)
  6 goblins (D:1)
  A hobgoblin (D:1)
  3 ball pythons (D:1)
  5 kobolds (D:1)
  3 rats (D:1)
20 creatures vanquished.

Notes
Turn   | Place    | Note
-------+----------+-------------------------------------------
     0 | D:1      | night the Gargoyle Fire Elementalist began the quest for
                  | the Orb.
     0 | D:1      | Reached XP level 1. HP: 10/10 MP: 3/3
   556 | D:1      | Reached XP level 2. HP: 15/15 MP: 1/5
   603 | D:1      | Learned a level 2 spell: Throw Flame
  1544 | D:2      | Slain by a centaur skeleton

Action                   || total
-------------------------++-------
Melee: Unarmed           ||    28
       Short sword       ||    19
 Cast: Flame Tongue      ||    21
       Throw Flame       ||     3
  Eat: Ration            ||     1
Armor: Robe              ||    18
Dodge: Dodged            ||    40
